 Dungeon Crawl Stone Soup version 0.25.1-2-g60ff931df9 (webtiles) character file.

Game seed: 12709135641714711831

49 Impeuri the Sneak (level 3, 0/18 HPs)
             Began as a Vine Stalker Assassin on Aug 20, 2020.
             Slain by a howler monkey (1 damage)
             ... on level 2 of the Dungeon.
             The game lasted 00:02:23 (1655 turns).

Impeuri the Sneak (Vine Stalker Assassin)           Turns: 1655, Time: 00:02:24

Health: 0/18       AC:  3    Str:  9    XL:     3   Next: 75%
Magic:  0/4        EV: 11    Int: 11    God:
Gold:   54         SH:  0    Dex: 16    Spells: 2/2 levels left

rFire    . . .     SeeInvis .   r - +0 short sword (curse)
rCold    . . .     Gourm    .   (no shield)
rNeg     . . .     Faith    .   b - +0 robe
rPois    .         Spirit   +   (no helmet)
rElec    .         Reflect  .   c - +0 cloak
rCorr    .         Harm     .   (no gloves)
MR       .....                  (no boots)
Stlth    +++.......             (no amulet)
HPRegen  0.06/turn              n - -4 ring of strength (curse)
MPRegen  0.09/turn              (no ring)

@: no status effects
A: fangs 2, magic shield, antimagic bite, no potion heal 3, rot immunity
a: no special abilities


You were on level 2 of the Dungeon.
You were not hungry.

You visited 1 branch of the dungeon, and saw 3 of its levels.

You collected 54 gold pieces.

Inventory:

Hand Weapons
 a - a +2 dagger
 g - a +2 dagger of speed
 r - a cursed +0 short sword (weapon)
Missiles
 d - 4 poisoned darts (quivered)
 e - 2 curare-tipped darts
 k - 4 atropa-tipped darts
Armour
 b - a +0 robe (worn)
 c - a +0 cloak (worn)
Jewellery
 n - a cursed -4 ring of strength (left hand)
Scrolls
 i - 2 scrolls of identify
Potions
 h - a potion of mutation {unknown}
 j - a potion of flight {unknown}
 l - a potion of berserk rage {unknown}
 m - a potion of lignification {unknown}
 o - a potion of curing {unknown}
Comestibles
 f - 3 rations


   Skills:
 - Level 1.7 Fighting
 + Level 2.4 Short Blades
 + Level 2.5 Throwing
 - Level 0.7 Dodging
 + Level 5.5 Stealth


You had 2 spell levels left.
You didn't know any spells.
Your spell library was empty.

Dungeon Overview and Level Annotations

Branches:
Dungeon (3/15)

Altars:
Zin


Innate Abilities, Weirdness & Mutations

You have extremely sharp teeth.
When hurt, damage is shared between your health and your magic reserves.
Your bite disrupts and absorbs the magic of your enemies.
Potions cannot restore your health.
You are immune to rotting.


Message History

The howler monkey hits you.
You hit the howler monkey.
The howler monkey is moderately wounded.
You kill the goblin!
The howler monkey misses you. The howler monkey barely misses you.
All of the chunks of flesh in your inventory have rotted away.
You hit the howler monkey. Your bite misses the howler monkey.
The howler monkey is severely wounded.
The howler monkey hits you.
You hit the howler monkey.
The howler monkey is severely wounded.
The howler monkey hits you!
* * * LOW HITPOINT WARNING * * *
Throwing (i - inventory. (/) - cycle)
d - 5 poisoned darts (quivered)
Press: ? - help, Shift-Dir - straight line, f/p - howler monkey
Aim: a howler monkey (severely wounded, poisoned, catching its breath)
You throw a poisoned dart.
The poisoned dart barely misses the howler monkey.
The howler monkey hits you.
You die...

##### ##...## ##.....## #.......#
#.......# # #.......# # ##.....##
##### ########.....#########
....## #....@h(....(..#.....#
###..#######.#####..)............
# ##....##...# #...>...........
#######.#..### ##..............
.....##.#.## #..............
.....##...# #..............
.....###..# #..............
......##..## ##.............
.####..#...# ##........(#..


You could see a howler monkey (poisoned).

Vanquished Creatures
  An adder (D:2)
  2 dart slugs (D:1)
  3 giant cockroaches (D:1)
  5 hobgoblins
  2 jackals (D:1)
  5 kobolds
  A ball python (D:2)
  2 bats
  A frilled lizard (D:3)
  8 goblins
  2 rats (D:2)
32 creatures vanquished.

Notes
Turn   | Place    | Note
-------+----------+-------------------------------------------
     0 | D:1      | Impeuri the Vine Stalker Assassin began the quest for the
                  | Orb.
     0 | D:1      | Reached XP level 1. HP: 11/11 MP: 2/2
   107 | D:1      | Reached skill level 5 in Stealth
   438 | D:1      | Reached XP level 2. HP: 15/15 MP: 3/3
   927 | D:1      | Reached XP level 3. HP: 18/18 MP: 4/4
  1267 | D:2      | Found a glowing silver altar of Zin.
  1655 | D:2      | Slain by a howler monkey

Illustrated notes

Levels and vault maps discovered:
D:1:      scummos_arrival_star, layout_basic
D:2:      layout_rooms, lemuel_round_altar, kennysheep_crisscross,
          grunt_ministairs_13, grunt_decor_mini_mirrors
D:3:      layout_rooms, lemuel_coloured_pillars_altar,
          lemuel_zombie_altar_kikubaaqudgha

Skill      XL: |  1 |
---------------+----+-----
Throwing       | 2 |  2.5
Stealth        | 5 |  5.5
Short Blades   | 2 |  2.4
Fighting       | |  1.7
Dodging        | |  0.7

Action                   || total
-------------------------++-------
Melee: Dagger            ||    72
       Bite              ||    16
       Short sword       ||    11
Throw: Dart              ||     5
  Use: Scroll            ||     2
 Stab: Sleeping          ||     6
  Eat: Chunk             ||     2
Armor: Robe              ||    24
Dodge: Dodged            ||    50
